 Dungeon Crawl Stone Soup version 0.28.0-47-ge53b351184 (webtiles) character file.

Game seed: 16807660558229715668

79 pkoi the Ruffian (level 3, 0/27 (29) HPs)
             Began as a Demigod Gladiator on Apr 25, 2022.
             Slain by a wight
             ... wielding a +0 spear
              (4 damage)
             ... on level 3 of the Dungeon.
             The game lasted 00:02:48 (2982 turns).

pkoi the Ruffian (Demigod Gladiator)                Turns: 2982, Time: 00:02:49

HP:   0/27 (29)     AC:  9    Str: 19    XL:     3   Next: 97%
MP:   5/5           EV:  8    Int: 10    God:
Gold: 57            SH:  0    Dex: 15    Spells: 2/2 levels left

rFire   . . .      SeeInvis .     - Unarmed
rCold   . . .      Faith    .   (no shield)
rNeg    . . .      Spirit   .   p - +0 chain mail
rPois   .          Reflect  .   b - +0 helmet
rElec   .          Harm     .   (no cloak)
rCorr   +          Rampage  .   (no gloves)
Will    +....                   (no boots)
Stlth   ..........              d - amulet of the acrobat
HPRegen 0.09/turn               i - ring of resist corrosion
MPRegen 0.09/turn               m - ring of willpower

@: drained
A: high MP 1, forlorn, divine attributes
a: no special abilities


You were on level 3 of the Dungeon.
You visited 1 branch of the dungeon, and saw 4 of its levels.

You collected 57 gold pieces.

Inventory:

Hand Weapons
 e - a +0 rapier
 k - a +0 eveningstar
Missiles
 c - 3 throwing nets (quivered)
Armour
 a - a +0 leather armour
 b - a +0 helmet (worn)
 l - the +0 ring mail "Bohy Gab" {SInv}
   (You found it on level 2 of the Dungeon)

   SInv:      It lets you see invisible.
 p - a +0 chain mail (worn)
Jewellery
 d - an amulet of the acrobat (around neck)
 f - a ring of fire
 i - a ring of resist corrosion (left hand)
 m - a ring of willpower (right hand)
Wands
 s - a wand of polymorph (11)
Scrolls
 n - a scroll of teleportation {unknown}
 o - a scroll of blinking {unknown}
 r - a scroll of brand weapon {unknown}
Potions
 g - 2 potions of invisibility {unknown}
 h - a potion of brilliance {unknown}
 j - 2 potions of flight
 q - a potion of might {unknown}


   Skills:
 - Level 1.7 Fighting
 - Level 1.7 Throwing
 + Level 1.7 Armour
 - Level 2.6 Dodging
 * Level 4.1 Unarmed Combat


You had 2 spell levels left.
You didn't know any spells.
Your spell library contained the following spells:

 Spells                   Type           Power      Damage    Failure   Level
 Stone Arrow              Conj/Erth      0%         3d7       100%        3
 Animate Armour           Summ/Erth      0%         N/A       100%        4
 Lehudib's Crystal Spear  Conj/Erth      0%         10d2      100%        8


Dungeon Overview and Level Annotations

Branches:
Dungeon (4/15)
 Temple: D:4-7


Innate Abilities, Weirdness & Mutations

You have an increased reservoir of magic. (+10% MP)
You shall have no god before yourself.
Your divine heritage dramatically boosts your attributes as you level up.


Message History

Okay, then.
You hit the endoplasm.
The endoplasm is severely wounded.
You hit the endoplasm.
You kill the endoplasm! 2 wights come into view.
s - a wand of polymorph (11)
You see here 26 bolts.
The wight completely misses you.
There is a stone staircase leading up here.
The wight hits you with a +0 spear.
There is a stone staircase leading up here.
HP restored.
The wight hits you with a +0 spear.
You climb upwards.
There is a stone staircase leading down here.
You hit the wight but do no damage. The wight hits you with a +0 spear.
* * * LOW HITPOINT WARNING * * *
You feel drained.
* * * LOW HITPOINT WARNING * * *
You hit the wight but do no damage. You hit the wight.
The wight is lightly damaged.
The wight hits you but does no damage.
You barely miss the wight.
The wight is lightly damaged.
The wight hits you with a +0 spear!
* * * LOW HITPOINT WARNING * * *
You feel drained.
* * * LOW HITPOINT WARNING * * *
You hit the wight but do no damage.
The wight is lightly damaged.
The wight hits you with a +0 spear!
* * * LOW HITPOINT WARNING * * *
You hit the wight but do no damage.
The wight is lightly damaged.
The wight barely misses you.
You hit the wight but do no damage. You punch the wight.
The wight is moderately damaged.
The wight hits you with a +0 spear.
You die...

####.............##..### #..#
##...######..###....###..# #.#.#
##..###.##..##..# ##.#.###
#....##..##.....# # #......#
#...............# # #......#
#...............##### #......#
#................รท...
#......###...z..........#.#...
#............@..............##
#......#....................##
#.......................######
#......................##...##
#......(..............##.....#
#......>......######..#.......
##...............####..#..._...
#..#.##................#.......
###.##.##......###...###.##.....#


You could see a wight.

Vanquished Creatures
  2 adders (D:2)
  A worm (D:2)
  2 dart slugs
  6 ball pythons
  5 endoplasms
  4 giant cockroaches
  9 goblins
  3 hobgoblins
  2 quokkas (D:1)
  5 bats
  3 frilled lizards
  5 kobolds
  4 rats
51 creatures vanquished.

Notes
Turn   | Place    | Note
-------+----------+-------------------------------------------
     0 | D:1      | pkoi the Demigod Gladiator began the quest for the Orb.
     0 | D:1      | Reached XP level 1. HP: 17/17 MP: 3/3
   659 | D:1      | Reached skill level 3 in Unarmed Combat
   680 | D:1      | Reached XP level 2. HP: 21/24 MP: 4/4
  1140 | D:1      | Reached skill level 1 in Armour
  1646 | D:2      | Reached XP level 3. HP: 23/29 MP: 5/5
  1744 | D:2      | Identified the +0 ring mail "Bohy Gab" {SInv}
  2260 | D:2      | Reached skill level 4 in Unarmed Combat
  2982 | D:3      | Slain by a wight

Illustrated notes

Levels and vault maps discovered:
D:1:      dpeg_arrival_oval, layout_loops_ring,
          shapermc_ecumenical_altar_ellora, minmay_small_reverse_x
D:2:      layout_loops_ring
D:3:      layout_rooms, lemuel_round_altar, nicolae_wu_jian_wuxing_cycle
D:4:      layout_loops_ring, minmay_temple_entry_sparse_star,
          portal_sewer_entry_e, uniq_eustachio

Skill      XL: |  1  2  3 |
---------------+----------+-----
Unarmed Combat | 3 4 |  4.1
Armour         | 1 |  1.7
Fighting       | |  1.7
Throwing       | |  1.7
Dodging        | |  2.6

Action                   || total
-------------------------++-------
Melee: Unarmed           ||   189
       Punch             ||     6
  Use: Scroll            ||     2
       Potion            ||     1
 Stab: Sleeping          ||     1
Armor: Leather armour    ||    12
       Ring mail         ||    38
       Chain mail        ||     4
Dodge: Dodged            ||   135
